 Dungeon Sprint DCSS version 0.30-a0-760-g5a9884bb7c (webtiles) character file.

Game seed: 10230543370397021900

372 octoduck the Summoner (level 6, -3/45 HPs)
             Began as a Hill Orc Summoner on Feb 11, 2023.
             Was a Believer of Cheibriados.
             Slain by a fire elemental (6 damage)
             ... in the Dungeon (Sprint V: "Ziggurat Sprint").
             The game lasted 00:08:07 (370 turns).

octoduck the Summoner (Hill Orc Summoner)            Turns: 370, Time: 00:08:07

Health: -3/45      AC:  2    Str: 17    XL:     6   Next: 71%
Magic:  3/8        EV: 11    Int: 19    God:    Cheibriados [**....]
Gold:   0          SH:  9    Dex: 15    Spells: 2/8 levels left

rFire   + . .      SeeInvis +    G - +16 obsidian axe {drain, demonic, Mesm Drain Fly SInv}
rCold   + . .      Faith    .    j - +3 buckler
rNeg    . . .      Spirit   .    a - +0 robe
rPois   +          Reflect  .    (no helmet)
rElec   +          Harm     .    (no cloak)
rCorr   +          Rampage  .    (no gloves)
Will    .....      NoTele   +    (no boots)
Stlth   ++                       (no amulet)
HPRegen 0.27/turn                (no ring)
MPRegen 0.11/turn                (no ring)

@: resistant, flying, mesmerised, invisible, very slow
A: no striking features
a: Renounce Religion, Bend Time


You were in the Dungeon.
You worshipped Cheibriados.
Cheibriados was pleased with you.
You visited 1 branch

Inventory:

Hand Weapons
 l - the +6 Majin-Bo {spellvamp, MP+6 Int+6}
   (You found it in the Dungeon)

   Int:       It affects your intelligence (+6).
   MP:        It affects your magic capacity (+6).
 G - the +16 obsidian axe (weapon) {drain, demonic, Mesm Drain Fly SInv}
   (You found it in the Dungeon)

   Mesm:      Its wielder is mesmerised by any visible foes, and it cannot be
   unequipped while any foes are visible.
   SInv:      It lets you see invisible.
   Fly:       It grants you flight.
   Drain:     It drains your maximum health when unequipped.
 H - a +5 broad axe
Armour
 a - a +0 robe (worn)
 h - +5 fire dragon scales
 i - +5 ice dragon scales
 j - a +3 buckler (worn)
 k - a +3 kite shield
 I - +5 gold dragon scales
Jewellery
 t - a ring of resist corrosion
 y - a ring of flight
 z - a +6 ring of dexterity
 A - a +6 ring of dexterity
 B - a +6 ring of intelligence
 C - a +6 ring of intelligence
 D - a +6 ring of strength
 E - a +6 ring of strength
Wands
 v - a wand of mindburst (7)
 w - a wand of iceblast (7)
 x - a wand of acid (7)
Scrolls
 g - 4 scrolls of blinking
 m - 4 scrolls of amnesia
 n - 7 scrolls of fog
 o - 5 scrolls of identify
 p - 2 scrolls of fear
Potions
 b - 8 potions of magic
 c - 10 potions of curing
 d - 10 potions of heal wounds
 e - 6 potions of haste
 f - 3 potions of berserk rage
 q - 2 potions of brilliance
 r - a potion of invisibility
 s - 2 potions of resistance
 u - 5 potions of might
Miscellaneous
 F - a lightning rod (4/4)
 J - a condenser vane


   Skills:
 + Level 10.1 Axes
 - Level 1.5 Dodging
 - Level 1.5 Stealth
 + Level 7.0 Shields
 + Level 1.5 Spellcasting
 - Level 10.9 Summonings


You had 2 spell levels left.
You knew the following spells:

 Your Spells              Type           Power      Damage    Failure   Level
a - Summon Small Mammal   Summ           100%       N/A       1%          1
b - Call Imp              Summ           43%        N/A       1%          2
c - Call Canine Familiar  Summ           43%        N/A       1%          3

Your spell library contained the following spells:

 Spells                   Type           Power      Damage    Failure   Level
 Summon Guardian Golem    Hex/Summ       22%        N/A       7%          3
 Summon Lightning Spire   Summ/Air       22%        N/A       24%         4


Dungeon Overview and Level Annotations

Branches:
Dungeon (1/1)

Altars:
Ashenzari
Cheibriados
Dithmenos
Elyvilon
Fedhas
Gozag
Hepliaklqana
Kikubaaqudgha
Makhleb
Nemelex Xobeh
Okawaru
Qazlal
Ru
Sif Muna
Trog
Uskayaw
Vehumet
Wu Jian
Xom
Yredelemnul
Zin
The Shining One
Beogh
Jiyva
Lugonu

Annotations:
D 1 transporter


Message History

Found four items.
Found a transporter.
Casting: Call Canine Familiar (safe; 1% risk of failure)
Confirm with . or Enter, or press ? or * to list all spells.
Okay, then.
You fade into invisibility!
The deep elf pyromancer gestures at you while chanting.
The bolt of fire hits the fire elemental.
The fire elemental completely resists.
The bolt of fire hits you!!
Ouch! That really hurt!
* * * LOW HITPOINT WARNING * * *
You feel protected.
Casting: Call Canine Familiar (safe; 1% risk of failure)
Confirm with . or Enter, or press ? or * to list all spells.
Okay, then.
Casting: Call Canine Familiar (safe; 1% risk of failure)
Confirm with . or Enter, or press ? or * to list all spells.
Visions of slaying the fire elemental flood into your mind.
Casting: Call Canine Familiar (safe; 1% risk of failure)
Confirm with . or Enter, or press ? or * to list all spells.
The +5 heavy dire flail is engulfed in blazing flames.
The fire elemental hits you. The fire elemental burns you! You resist.
* * * LOW HITPOINT WARNING * * *
Your bat hits the fire elemental but does no damage.
Your hound barely misses the fire elemental.
The fire elemental completely misses your bat.
Your hound bites the fire elemental.
The fire elemental completely misses your bat.
Casting: Summon Small Mammal (safe; 1% risk of failure)
Confirm with . or Enter, or press ? or * to list all spells.
Your bat barely misses the fire elemental.
Your hound misses the fire elemental. The fire elemental hits you.
The fire elemental burns you! You resist.
* * * LOW HITPOINT WARNING * * *
The deep elf knight completely misses your bat.
The +5 heavy dire flail hits your bat!!
Your bat dies!
Your bat's corpse disappears in a puff of smoke!
Your hound bites the fire elemental.
The fire elemental hits you. The fire elemental burns you! You resist.
You die...

▓▓▓▓▓▓▓▓▓▓▓▓▓▓▓▓▓▓▓
▓.8©8.▓.8©8.▓.8©8.▓
▓.):e.▓..)..▓.....▓
▓..?°.▓.....▓.}.}.▓
▓..§(e▓.)...▓.....▓
▓..°..▓..)).▓.....▓
▓..Eh.▓.....▓..©..▓
▓..©@r▓..©..▓▓▓▓▓▓▓
▓▓▓▓▓▓▓▓▓▓▓▓▓


You could see a deep elf knight (unable to see you), a deep elf pyromancer
(unable to see you), a fire elemental (mesmerising, unable to see you, ally
target), a +5 heavy dire flail (unaware, unable to see you), a friendly hound
(summoned) and a friendly quokka (summoned).

Vanquished Creatures
  A scorpion (D)
1 creature vanquished.

Vanquished Creatures (collateral kills)
  Sigmund (D)
  Blork the orc (D)
  A scorpion (D)
  Jessica (D)
4 creatures vanquished.

Grand Total: 5 creatures vanquished

Notes
Turn   | Place    | Note
-------+----------+-------------------------------------------
     0 | D        | octoduck the Hill Orc Summoner began the quest for the Orb.
     0 | D        | Reached XP level 1. HP: 14/14 MP: 3/3
     3 | D        | Found a blossoming altar of Fedhas.
     3 | D        | Found the +6 Majin-Bo {spellvamp, MP+6 Int+6}
     3 | D        | Found the +27 heavy crossbow "Sniper" {heavy, Acc+∞ SInv}
     3 | D        | Found the +10 dark maul {heavy}
     3 | D        | Found the +15 Maxwell's patent armour {-Cast -Tele rElec
                  | Will+ rCorr}
     3 | D        | Found the +18 shield of the Gong {Loud rN+ Will+ rCorr
                  | EV-5}
     3 | D        | Found the +16 obsidian axe {drain, demonic, Mesm Drain Fly
                  | SInv}
     3 | D        | Found the +7 great mace "Firestarter" {flame, inner flame,
                  | rFlCloud rF++}
     3 | D        | Found the +6 shillelagh "Devastator" {shatter}
     3 | D        | Found the +11 plutonium sword {Contam Stlth-}
     3 | D        | Found the +8 lance "Wyrmbane" {slay drac, rPois rF+ rC+
                  | AC+3}
     3 | D        | Found the +9 sword of Zonguldrok {reap}
     3 | D        | Found the +13 scythe of Curses {drain, curses, Drain}
     3 | D        | Found the +9 sword of Power {lifebolt}
     3 | D        | Found the +7 mace of Variability {chaos, chain chaos}
     3 | D        | Found the +11 Singing Sword {sonic wave}
     3 | D        | Found the +8 storm bow {elec, penet}
     5 | D        | Found a viscous altar of Jiyva.
     5 | D        | Found a hazy altar of Hepliaklqana.
     5 | D        | Found a transporter.
     5 | D        | Found an opulent altar of Gozag.
     5 | D        | Found an ancient bone altar of Kikubaaqudgha.
     5 | D        | Found a corrupted altar of Lugonu.
    18 | D        | Found a burning altar of Makhleb.
    19 | D        | Found a sacrificial altar of Ru.
    19 | D        | Found a shimmering blue altar of Sif Muna.
    19 | D        | Found a stormy altar of Qazlal.
    19 | D        | Found a bloodstained altar of Trog.
    19 | D        | Found an iron altar of Okawaru.
    19 | D        | Found a sparkling altar of Nemelex Xobeh.
    59 | D        | Reached skill level 5 in Axes
    59 | D        | Reached XP level 2. HP: 20/20 MP: 4/4
    63 | D        | Learned a level 2 spell: Call Imp
   117 | D        | Became a worshipper of Cheibriados the Contemplative
   125 | D        | Entered arena 2.
   125 | D        | Noticed a scorpion
   125 | D        | Noticed a scorpion
   125 | D        | Found a transporter.
   129 | D        | Killed a scorpion
   130 | D        | Reached XP level 3. HP: 14/26 MP: 0/5
   130 | D        | Reached XP level 4. HP: 18/33 MP: 0/6
   132 | D        | Killed a scorpion
   132 | D        | Reached * piety under Cheibriados
   133 | D        | Reached skill level 10 in Summonings
   133 | D        | Reached XP level 5. HP: 22/38 MP: 0/7
   197 | D        | Learned a level 3 spell: Call Canine Familiar
   197 | D        | Entered arena 3.
   197 | D        | Noticed Sigmund
   197 | D        | Noticed Jessica
   197 | D        | Noticed Blork the orc
   197 | D        | Found a transporter.
   201 | D        | Killed Jessica
   203 | D        | Killed Blork the orc
   207 | D        | Killed Sigmund
   207 | D        | Reached ** piety under Cheibriados
   208 | D        | Reached skill level 10 in Axes
   208 | D        | Reached XP level 6. HP: 3/45 MP: 2/8
   364 | D        | Entered arena 4.
   364 | D        | Noticed a deep elf knight
   364 | D        | Noticed a fire elemental
   364 | D        | Noticed a deep elf pyromancer
   364 | D        | Noticed a +5 heavy dire flail
   364 | D        | Found a transporter.
   370 | D        | Slain by a fire elemental

Illustrated notes

Levels and vault maps discovered:
D:        sprint_v [room_start, room_1, room_2, room_3, room_4, room_5, room_6,
          room_7, room_8, room_9, room_10, room_11, room_12, room_13, room_14,
          room_15, room_16, room_17, room_18, room_19, room_20, room_21,
          room_22, room_23, room_24, room_25, room_26, room_27]

Skill      XL: |  1  2  3  4  5 |
---------------+----------------+-----
Axes           | 5 10 | 10.1
Summonings     | 7 9 10 | 10.9
Shields        | 7 |  7.0
Dodging        | |  1.5
Stealth        | |  1.5
Spellcasting   | |  1.5

Action                     |  1- 3 |  4- 6 || total
---------------------------+-------+-------++-------
  Melee: Broad axe         |     1 |     3 ||     4
   Cast: Summon Small Mamm |     2 |     3 ||     5
         Call Imp          |     1 |     1 ||     2
         Call Canine Famil |       |     2 ||     2
    Use: Potion            |     1 |     3 ||     4
   Stab: Distracted        |       |     1 ||     1
 Armour: Robe              |       |     3 ||     3
  Dodge: Dodged            |     1 |     1 ||     2
  Block: Buckler           |       |     1 ||     1

Table legend: (Time is in decaauts)
 A = Elapsed time spent in this place.
 B = Non-inter-level travel time spent in this place.
 C = Inter-level travel time spent in this place.
 D = Time resting spent in this place.
 E = Time spent auto-exploring this place.
 F = Levels seen in this place.
 G = Mean time per level.
                   A        B        C        D        E       F      G
               +--------+--------+--------+--------+--------+-----+--------+
         Total |    382 |    366 |     16 |    196 |      0 |   1 |  382.0 |
       Dungeon |    382 |    366 |     16 |    196 |      0 |   1 |  382.0 |
               +--------+--------+--------+--------+--------+-----+--------+

Top non-repeatable levels by time:
       D: 382 daAuts
